 Dungeon Sprint DCSS version 0.17.2-1-ge4368a0 (webtiles) character file.

5101 mopl the Imperceptible (level 10, -9/79 HPs)
             Began as a Spriggan Assassin on Aug 23, 2016.
             Was a High Priest of Trog.
             Mangled by Agnes
             ... wielding a +6 lajatang of pain
              (32 damage)
             ... in the Dungeon (Sprint IV: "Fedhas' Mad Dash").
             The game lasted 00:05:52 (1464 turns).

mopl the Imperceptible (Spriggan Assassin)          Turns: 1464, Time: 00:05:52

Health: -9/79      AC:  3    Str: 12    XL:     10   Next: 32%
Magic:  3/18       EV: 17    Int: 12    God:    Trog [*****.]
Gold:   160        SH:  8    Dex: 22    Spells: 0 memorised, 9 levels left

rFire  . . .     SeeInvis +     a - +2 dagger
rCold  . . .     Clarity  .     c - +0 robe
rNeg   . . .     SustAt   .     o - +0 buckler
rPois  .         Gourm    .     (helmet restricted)
rElec  .         Spirit   .     d - +0 cloak
rCorr  .         Warding  .     (gloves unavailable)
rMut   .         NoTele   +     (boots unavailable)
MR     +....                    (no amulet)
Stlth  ..........               (no ring)
                                l - ring of invisibility

@: berserking, very slightly contaminated, invisible, very quick, somewhat
resistant to hostile enchantments, extremely unstealthy
A: unfitting armour, see invisible, herbivore 3, speed 3, slow metabolism 2
a: Berserk, Trog's Hand, Brothers in Arms, Burn Spellbooks, Renounce Religion,
Turn Visible


You were in the Dungeon.
You worshipped Trog.
Trog was extremely pleased with you.
You were not hungry.

You visited 1 branch You collected 207 gold pieces.
You spent 47 gold pieces at shops.

Inventory:

Hand Weapons
 a - a +2 dagger (weapon)
 b - a +0 blowgun
 y - a +3 short sword of flaming
Missiles
 e - 8 poisoned needles
 f - 2 curare-tipped needles
 v - 2 steel tomahawks (quivered)
 w - 5 needles of frenzy
 x - 2 poisoned tomahawks
Armour
 c - a +0 robe (worn)
 d - a +0 cloak (worn)
 o - a +0 buckler (worn)
Jewellery
 l - a ring of invisibility (left hand)
 q - a cursed amulet of inaccuracy {unknown}
Scrolls
 m - a scroll of blinking
 n - a scroll of random uselessness {unknown}
 p - 2 scrolls of remove curse {unknown}
 r - a scroll of fog {unknown}
 u - 2 scrolls of fear {unknown}
Potions
 h - a potion of curing
 i - 2 potions of heal wounds
 j - a potion of haste
 k - 2 potions of magic
 s - a potion of ambrosia {unknown}
 t - a potion of poison {unknown}
Comestibles
 g - 3 royal jellies


   Skills:
 + Level 6.4 Fighting
 + Level 8.4 Short Blades
 * Level 12.7 Throwing
 - Level 1.5 Dodging
 * Level 21.0 Stealth
 + Level 6.1 Shields
 - Level 10.1 Evocations


You had 9 spell levels left.
You didn't know any spells.

Dungeon Overview and Level Annotations

Branches:
Dungeon (1/1)

Altars:
Cheibriados
Dithmenos
Elyvilon
Gozag
Kikubaaqudgha
Makhleb
Nemelex Xobeh
Okawaru
Qazlal
Ru
Sif Muna
Trog
Vehumet
Xom
Yredelemnul
Zin
The Shining One
Beogh
Jiyva
Lugonu

Shops:
D %!*!*:*

Annotations:
D Agnes


Innate Abilities, Weirdness & Mutations

You are tiny and cannot use many weapons and most armour.
You have supernaturally acute eyesight.
You are a herbivore.
You cover ground extremely quickly.
You need consume almost no food.


Message History

The spriggan berserker is lightly wounded.
The spriggan berserker prays to Trog.
The spriggan berserker goes berserk!
You miss the spriggan berserker.
The spriggan berserker is lightly wounded.
You block Agnes's attack.
You hit the spriggan berserker.
The spriggan berserker is lightly wounded.
The spriggan berserker barely misses you.
Agnes hits you with a lajatang of pain!!
* * * LOW HITPOINT WARNING * * *
You writhe in agony.
You are too injured to fight recklessly!
You are too injured to fight recklessly!
You barely miss the spriggan berserker.
The spriggan berserker is lightly wounded.
You puncture the spriggan berserker!
The spriggan berserker is moderately wounded.
Agnes hits you with a lajatang of pain!!
You die...

#'##._._._._._._.#.[##∩∩.'...####
...#.⌠...._....⌠.################
...###################.....[###..
####♣♣♣♣♣..♣.###.'..'......['.'..
.)'......♣..♣##..#..#.P....)#####
..#♣..♣♣♣.♣).###.##'##.P....#
..#.♣♣..♣...♣'...#♣.♣########
##################.....#
#@i♣..♣....# #.i.♣......♣..
........♣.....∩.
..################


You could see Agnes and a spriggan berserker (berserk).

Vanquished Creatures
  A spriggan druid (D)
  6 oklob plants (D)
  A demonic crawler (D)
  3 burning bushes (D)
  A queen bee (D)
  3 wandering mushrooms (D)
  2 scorpions (D)
  4 killer bees (D)
  A worker ant (D)
  5 oklob saplings (D)
  3 spriggans (D)
  A river rat (D)
  A rat (D)
  A ballistomycete (D)
33 creatures vanquished.

Vanquished Creatures (collateral kills)
  2 spriggans (D)
  A wasp (D)
3 creatures vanquished.

Vanquished Creatures (others)
  A giant spore (D)
1 creature vanquished.

Grand Total: 37 creatures vanquished

Notes
Turn   | Place    | Note
--------------------------------------------------------------
     0 | D        | mopl the Spriggan Assassin began the quest for the Orb.
     0 | D        | Reached XP level 1. HP: 10/10 MP: 2/2
     8 | D        | Reached skill level 3 in Throwing
     8 | D        | Reached skill level 8 in Stealth
     8 | D        | Reached XP level 2. HP: 14/14 MP: 3/3
    13 | D        | Noticed an oklob sapling
    15 | D        | Killed an oklob sapling
    15 | D        | Reached skill level 4 in Throwing
    15 | D        | Reached skill level 10 in Stealth
    15 | D        | Reached XP level 3. HP: 18/18 MP: 4/4
    23 | D        | Noticed a worker ant
    25 | D        | Killed a worker ant
    25 | D        | Reached skill level 11 in Stealth
    41 | D        | Found a snail-covered altar of Cheibriados.
    41 | D        | Found a glowing silver altar of Zin.
    41 | D        | Found a white marble altar of Elyvilon.
    41 | D        | Found a viscous altar of Jiyva.
    41 | D        | Found a radiant altar of Vehumet.
    41 | D        | Found a deep blue altar of Sif Muna.
    41 | D        | Found an ancient bone altar of Kikubaaqudgha.
    41 | D        | Found a bloodstained altar of Trog.
    41 | D        | Found a corrupted altar of Lugonu.
    41 | D        | Noticed an oklob sapling priest
    67 | D        | Found a burning altar of Makhleb.
    67 | D        | Found a sacrificial altar of Ru.
    68 | D        | Found a glowing golden altar of the Shining One.
    68 | D        | Found a sparkling altar of Nemelex Xobeh.
    69 | D        | Found a shadowy altar of Dithmenos.
    70 | D        | Found an iron altar of Okawaru.
    70 | D        | Found a shimmering altar of Xom.
    71 | D        | Found an opulent altar of Gozag.
    73 | D        | Became a worshipper of Trog the Wrathful
    74 | D        | Found a roughly hewn altar of Beogh.
    74 | D        | Found a basalt altar of Yredelemnul.
    75 | D        | Killed an oklob sapling priest
    75 | D        | Reached skill level 5 in Throwing
    75 | D        | Reached skill level 12 in Stealth
    75 | D        | Reached skill level 3 in Evocations
    75 | D        | Reached XP level 4. HP: 22/22 MP: 2/7
    82 | D        | Noticed an oklob sapling
    85 | D        | Killed an oklob sapling
    85 | D        | Reached skill level 4 in Evocations
    85 | D        | Reached XP level 5. HP: 25/25 MP: 3/9
   101 | D        | Found a stormy altar of Qazlal.
   109 | D        | Noticed an oklob sapling wizard
   112 | D        | Killed an oklob sapling wizard
   112 | D        | Reached skill level 6 in Throwing
   112 | D        | Reached skill level 13 in Stealth
   207 | D        | Noticed a scorpion
   219 | D        | Reached skill level 5 in Evocations
   222 | D        | Reached * piety under Trog
   222 | D        | Reached skill level 14 in Stealth
   224 | D        | Killed a scorpion
   224 | D        | Reached skill level 6 in Evocations
   485 | D        | Found Ciummud's Distillery.
   486 | D        | Found Bir Qugh's Food Emporium.
   492 | D        | Noticed a burning bush
   492 | D        | Noticed a wandering mushroom
   493 | D        | Noticed a scorpion
   493 | D        | Noticed a wandering mushroom
   496 | D        | Killed a burning bush
   496 | D        | Reached skill level 7 in Throwing
   496 | D        | Reached skill level 16 in Stealth
   496 | D        | Reached skill level 2 in Shields
   496 | D        | Reached skill level 7 in Evocations
   496 | D        | Reached XP level 6. HP: 30/30 MP: 8/12
   497 | D        | Killed a wandering mushroom
   497 | D        | Reached skill level 2 in Fighting
   497 | D        | Reached skill level 3 in Short Blades
   497 | D        | Reached skill level 8 in Throwing
   497 | D        | Reached skill level 8 in Evocations
   497 | D        | Reached XP level 7. HP: 33/35 MP: 8/14
   498 | D        | Killed a wandering mushroom
   498 | D        | Reached skill level 3 in Fighting
   498 | D        | Reached skill level 4 in Short Blades
   498 | D        | Reached skill level 9 in Throwing
   498 | D        | Reached skill level 17 in Stealth
   498 | D        | Reached skill level 3 in Shields
   500 | D        | Killed a scorpion
   500 | D        | Reached ** piety under Trog
   504 | D        | Found Hitaewon's Distillery.
   505 | D        | Found Egryhorch's Assorted Antiques.
   511 | D        | Bought a scroll labeled OSHRU WUM MIEL for 17 gold pieces
   511 | D        | Bought a blue potion for 15 gold pieces
   511 | D        | Bought a fuming pink potion for 15 gold pieces
   698 | D        | Noticed a queen bee
   698 | D        | Noticed a killer bee
   699 | D        | Noticed a killer bee
   701 | D        | Noticed a killer bee
   701 | D        | Noticed a killer bee
   705 | D        | Killed a queen bee
   705 | D        | Reached skill level 9 in Evocations
   705 | D        | Reached XP level 8. HP: 40/40 MP: 13/15
   706 | D        | Killed a killer bee
   707 | D        | Killed a killer bee
   709 | D        | Killed a killer bee
   710 | D        | Killed a killer bee
   710 | D        | Reached *** piety under Trog
   712 | D        | Noticed an oklob plant
   715 | D        | Killed an oklob plant
   715 | D        | Reached skill level 4 in Fighting
   715 | D        | Reached skill level 5 in Short Blades
   715 | D        | Reached skill level 10 in Throwing
   715 | D        | Reached skill level 18 in Stealth
   715 | D        | Reached skill level 4 in Shields
   723 | D        | Noticed a burning bush
   726 | D        | Killed a burning bush
   726 | D        | Reached skill level 10 in Evocations
   726 | D        | Reached XP level 9. HP: 46/46 MP: 15/17
   731 | D        | Noticed an oklob sapling
   731 | D        | Noticed a burning bush
   731 | D        | Noticed an oklob plant
   732 | D        | Noticed a wandering mushroom
   733 | D        | Killed a burning bush
   733 | D        | Reached skill level 6 in Short Blades
   906 | D        | Killed an oklob plant
   906 | D        | Reached skill level 5 in Fighting
   906 | D        | Reached skill level 11 in Throwing
   906 | D        | Reached skill level 19 in Stealth
   906 | D        | Reached skill level 5 in Shields
   908 | D        | Killed an oklob sapling
   910 | D        | Killed a wandering mushroom
   921 | D        | Noticed a spriggan druid
   922 | D        | Killed a spriggan druid
   922 | D        | Reached skill level 7 in Short Blades
   922 | D        | Reached skill level 20 in Stealth
   935 | D        | Noticed an oklob plant conjurer
   936 | D        | Killed an oklob plant conjurer
   936 | D        | Reached **** piety under Trog
  1058 | D        | Noticed an oklob plant
  1058 | D        | Noticed an oklob plant summoner
  1059 | D        | Noticed an oklob plant shifter
  1063 | D        | Killed an oklob plant
  1063 | D        | Reached skill level 12 in Throwing
  1063 | D        | Reached XP level 10. HP: 53/53 MP: 16/18
  1065 | D        | Killed an oklob plant summoner
  1065 | D        | Reached skill level 6 in Fighting
  1068 | D        | Killed an oklob plant shifter
  1068 | D        | Received a gift from Trog
  1068 | D        | Reached ***** piety under Trog
  1068 | D        | Reached skill level 8 in Short Blades
  1068 | D        | Reached skill level 6 in Shields
  1078 | D        | Noticed a demonic crawler
  1080 | D        | Killed a demonic crawler
  1082 | D        | Noticed a spriggan rider
  1082 | D        | Noticed a spriggan
  1082 | D        | Noticed a spriggan
  1083 | D        | Found Pila Una's Book Emporium.
  1096 | D        | Killed a wasp
  1101 | D        | Killed a spriggan
  1101 | D        | Received a gift from Trog
  1104 | D        | Killed a spriggan
  1104 | D        | Reached skill level 21 in Stealth
  1114 | D        | Killed a spriggan
  1114 | D        | Received a gift from Trog
  1145 | D        | Found Ohoimaf's General Store.
  1451 | D        | Noticed Agnes
  1453 | D        | Found Zuduujif's General Store.
  1453 | D        | Noticed a spriggan berserker
  1464 | D        | Mangled by Agnes

Action                   |  1- 3 |  4- 6 |  7- 9 | 10-12 || total
-------------------------+-------+-------+-------+-------++-------
Melee: Dagger            |     5 |    16 |    16 |    37 ||    74
Invok: Burn Spellbooks   |       |       |     1 |     1 ||     2
       Berserk           |       |       |       |     2 ||     2
       Brothers in Arms  |       |       |       |     2 ||     2
 Abil: Evoke Invisibilit |     1 |     2 |     3 |     1 ||     7
  Use: Potion            |     1 |     1 |       |       ||     2
 Stab: Sleeping          |     3 |     4 |    16 |     3 ||    26
  Eat: Bread ration      |       |       |     1 |       ||     1
